 Dungeon Crawl Stone Soup version 0.17-a0-1504-gb7d9117 (webtiles) character file.

39 wallmoss the Ducker (level 3, -10/36 HPs)
             Began as a Troll Berserker on July 9, 2015.
             Was a Believer of Trog.
             Mangled by an iron imp (11 damage)
             ... summoned by Natasha
             ... on level 2 of the Dungeon.
             The game lasted 00:06:19 (867 turns).

wallmoss the Ducker (Troll Berserker)                Turns: 867, Time: 00:06:19

Health: -10/36     AC:  5    Str: 26    XL:     3   Next: 26%
Magic:  2/2        EV: 10    Int:  3    God:    Trog [**....]
Gold:   58         SH:  0    Dex:  9    Spells: 0 memorised, 2 levels left

rFire  . . .     SeeInvis .     a - +0 mace
rCold  . . .     Clarity  .     b - +0 animal skin
rNeg   . . .     SustAt   .     (no shield)
rPois  .         Gourm    +     (helmet restricted)
rElec  .         Spirit   .     (no cloak)
rCorr  .         Warding  .     (gloves unavailable)
rMut   .         Stasis   .     (boots unavailable)
MR     .....                    (no amulet)
Stlth  +.........               (no ring)
                                (no ring)

@: slowed, very slow, not resistant to hostile enchantments, very unstealthy
A: unfitting armour, claws 3, fast metabolism 3, gourmand, regeneration 2,
shaggy fur 1, tough skin 2
a: Burn Spellbooks, Berserk, Trog's Hand, Renounce Religion


You were on level 2 of the Dungeon.
You worshipped Trog.
Trog was pleased with you.
You were very hungry.

You visited 1 branch of the dungeon, and saw 2 of its levels.

You collected 58 gold pieces.

Inventory:

Hand weapons
 a - a +0 mace (weapon)
 d - a +0 club
 e - a +0 dagger
 f - a cursed -1 dagger
 i - a +0 club
 l - a +0 short sword
Missiles
 j - 20 arrows
 k - 36 stones (quivered)
Armour
 b - a +0 animal skin (worn)
Jewellery
 h - an uncursed ring of protection from cold {unknown}
Scrolls
 g - a scroll of identify {unknown}
Comestibles
 c - a bread ration


   Skills:
 + Level 2.7 Fighting
 + Level 2.9 Maces & Flails
 + Level 3.2 Dodging


You had 2 spell levels left.
You didn't know any spells.

Dungeon Overview and Level Annotations

Branches:
Dungeon (2/15)

Altars:

Annotations:
D:2 Natasha


Innate Abilities, Weirdness & Mutations

You are too large for most types of armour.
You have claws for hands.
Your metabolism is lightning-fast.
You like to eat raw meat.
You heal very quickly.
You are covered in fur (AC +1).
You have very tough skin (AC +2).


Message History

The jackal barely misses you. Natasha claws you. The jackal bites you.
The jackal closely misses you. Natasha barely misses you.
The jackal bites you but does no damage.
You barely miss Natasha.
Natasha is moderately wounded.
The bat barely misses you. The bat hits you but does no damage.
Natasha misses you. The bat closely misses you. The jackal closely misses you.
The jackal bites you but does no damage.
The bat hits you.
The giant newt bites you but does no damage.
Natasha casts a spell at you. The magic dart hits you!
The jackal bites you but does no damage.
The iron imp hits you!
* * * LOW HITPOINT WARNING * * *
The jackal closely misses you. The giant newt barely misses you.
Natasha claws you.
* * * LOW HITPOINT WARNING * * *
The jackal barely misses you. The iron imp hits you!
You die...

## .. .# .# .##
.##
....#####..##
...<...bbh..####
#.<@l......
...<...5hh..r...
#...#...5.......
###........5....
#...####.....#
....# .#....
..### .###.# ..
.. ..


You could see 2 iron imps, Natasha, a crimson imp, 2 jackals, 2 bats, a giant
newt and a rat.

Vanquished Creatures
  A gnoll (D:1)
  A giant gecko (D:1)
  5 giant cockroaches (D:1)
  3 goblins
  2 hobgoblins (D:1)
  A jackal (D:2)
  A ball python (D:1)
  6 bats (D:1)
  A kobold (D:1)
  6 rats
27 creatures vanquished.

Notes
Turn   | Place    | Note
--------------------------------------------------------------
     0 | D:1      | wallmoss the Troll Berserker began the quest for the Orb.
     0 | D:1      | Reached XP level 1. HP: 22/22 MP: 0/0
   256 | D:1      | Reached XP level 2. HP: 29/29 MP: 1/1
   393 | D:1      | Reached skill level 3 in Dodging
   451 | D:1      | Acquired Trog's second power
   451 | D:1      | Reached XP level 3. HP: 33/36 MP: 2/2
   860 | D:2      | Noticed Natasha
   867 | D:2      | HP: 1/36 [Natasha (6)]
   867 | D:2      | Mangled by an iron imp

Vault maps used:
D:1:      tarquinn_simple_flora_water_c
D:2:      corexii_corridor_pit, uniq_natasha

Action                   || total
-------------------------++-------
Melee: Mace              ||    90
Throw: Stone             ||     5
  Eat: Bread ration      ||     1
